 Dungeon Crawl Stone Soup version 0.25-a0-558-g78a2afb0af (webtiles) character file.

Game seed: 10424918213561454733, levelgen mode: classic

25 EnegeticOcto the Shield-Bearer (level 2, -2/28 HPs)
             Began as a Deep Dwarf Fighter on Feb 24, 2020.
             Slain by Sigmund
             ... wielding a +0 scythe
              (8 damage)
             ... on level 2 of the Dungeon.
             The game lasted 00:00:24 (224 turns).

EnegeticOcto the Shield-Bearer (Deep Dwarf Fighter)  Turns: 224, Time: 00:00:25

Health: -2/28      AC:  6    Str: 19    XL:     2   Next: 82%
Magic:  0/0        EV:  7    Int:  8    God:
Gold:   18         SH:  9    Dex: 12    Spells: 1/1 levels left

rFire    . . .     SeeInvis .   a - +0 war axe
rCold    . . .     Gourm    .   c - +0 kite shield
rNeg     . . .     Faith    .   b - +0 scale mail
rPois    .         Spirit   .   (no helmet)
rElec    .         Reflect  .   (no cloak)
rCorr    .         Harm     .   (no gloves)
MR       .....                  (no boots)
Stlth    ..........             (no amulet)
HPRegen  0.00/turn              (no ring)
MPRegen  0.07/turn              (no ring)

@: non-regenerating
A: damage resistance, heal wounds, sense surroundings 1, no regeneration
a: Heal Wounds


You were on level 2 of the Dungeon.
You were not hungry.

You visited 1 branch of the dungeon, and saw 2 of its levels.

You collected 18 gold pieces.

Inventory:

Hand Weapons
 a - a +0 war axe (weapon)
Armour
 b - a +0 scale mail (worn)
 c - a +0 kite shield (worn)
Scrolls
 d - a scroll of magic mapping {unknown}
 f - 3 scrolls of blinking {unknown}
 g - a scroll of enchant armour {unknown}
 i - a scroll of identify {unknown}
Potions
 k - a potion of might {@q3}
Comestibles
 e - 2 rations
 h - 9 chunks of flesh


   Skills:
 * Level 3.0 Fighting
 * Level 2.9 Axes
 + Level 3.4 Armour
 + Level 0.7 Dodging
 + Level 3.4 Shields


You had one spell level left.
You didn't know any spells.
Your spell library was empty.

Dungeon Overview and Level Annotations

Branches:
Dungeon (2/15)

Altars:

Annotations:
D:2 Sigmund


Innate Abilities, Weirdness & Mutations

You are resistant to damage.
You can heal yourself by infusing magical energy.
You passively map a small area around you.
You do not regenerate.


Message History

You feel less invigorated. Sigmund hits you but does no damage.
You feel less confused. Sigmund barely misses you.
Sigmund hits you with a +0 scythe.
You see here a goblin corpse.
You closely miss Sigmund. Sigmund hits you with a +0 scythe!
You are too injured to fight recklessly!
You are too injured to fight recklessly!
You are too injured to fight recklessly!
You are too injured to fight recklessly!
You are too injured to fight recklessly!
You are too injured to fight recklessly!
You are too injured to fight recklessly!
Your magical essence is drained by the effort!
You feel much better.
Your health is already full.
You slash Sigmund!
Sigmund is moderately wounded.
Sigmund barely misses you.
You barely miss Sigmund.
Sigmund is moderately wounded.
You are no longer poisoned.
Sigmund points at you and mumbles some strange words.
You are confused.
Sigmund barely misses you.
You are too confused!
You are too confused!
You are too confused!
You are too confused!
You are too confused!
You are too confused!
You are too confused!
You are too confused!
You are too confused!
You are too confused!
You are too confused!
You are too confused!
You are too confused!
You are too confused!
Sigmund barely misses you. Sigmund barely misses you.
Sigmund barely misses you.
You feel less confused. Sigmund barely misses you.
You barely miss Sigmund.
Sigmund is moderately wounded.
You block Sigmund's attack.
You hit Sigmund.
Sigmund is heavily wounded.
Sigmund points at you and mumbles some strange words.
You are confused.
You hit Sigmund but do no damage.
Sigmund is heavily wounded.
Sigmund hits you but does no damage.
You completely miss Sigmund.
Sigmund is heavily wounded.
Sigmund hits you with a +0 scythe.
You barely miss Sigmund.
Sigmund is moderately wounded.
Sigmund gestures at you while chanting. The magic dart hits you.
You're too confused to move!
Sigmund hits you with a +0 scythe!
You feel less confused.
Sigmund hits you from afar with a +0 scythe!
* * * LOW HITPOINT WARNING * * *
Sigmund barely misses you. Sigmund hits you but does no damage.
Your magical essence is drained by the effort!
You feel much better. You block Sigmund's attack.
You slash Sigmund!
Sigmund is severely wounded.
You block Sigmund's attack.
Sigmund casts a spell.
Sigmund flickers and vanishes!
Deactivating autopickup; reactivate with Ctrl-A.
No target in view!
No target in view!
No target in view!
No target in view!
No target in view!
No target in view!
No target in view!
No target in view!
No target in view!
You barely miss something. Something hits you but does no damage.
Your shield and scale mail prevent you from hitting something.
Something hits you.
You completely miss something. Something hits you.
You miss something. You hit something but do no damage. Something hits you!
You closely miss something. Something hits you.
You miss something. Something hits you.
You miss something.
You hear some strange, mumbled words.
A magic dart appears from out of thin air!
The magic dart hits you!
* * * LOW HITPOINT WARNING * * *
Something hits you!
You die...

.........# ,
.........#
.........#
.........# * ,
.........# *
.........### ,
...........# *
, ...........#
* .......@...#
, .......{†..#
* ...........#
...........#
.........).# ,
#..(.......#
*#..!......<#
#..........# *
,*#..........#


There were no monsters in sight!

Vanquished Creatures
  2 bats (D:1)
  A giant cockroach (D:1)
  5 goblins
  2 hobgoblins
  6 jackals (D:1)
  2 kobolds (D:1)
  2 frilled lizards (D:1)
20 creatures vanquished.

Notes
Turn   | Place    | Note
-------+----------+-------------------------------------------
     0 | D:1      | EnegeticOcto the Deep Dwarf Fighter began the quest for the
                  | Orb.
     0 | D:1      | Reached XP level 1. HP: 20/20 MP: 1/1
    81 | D:1      | Reached XP level 2. HP: 27/27 MP: 2/2
   170 | D:2      | Noticed Sigmund
   224 | D:2      | Slain by Sigmund

Levels and vault maps discovered:
D:1:      evilmike_arrival_fibonacci_small, layout_loops_ring, st_stairs_1
D:2:      layout_basic, chequers_temple_overflow_statue_of_worship,
          uniq_sigmund, uniq_terence

Skill      XL: |  1  2 |
---------------+-------+-----
Fighting       | 3 |  3.0
Axes           | |  2.9
Armour         | |  3.4
Dodging        | |  0.7
Shields        | |  3.4

Action                   || total
-------------------------++-------
Melee: War axe           ||    80
 Abil: Heal Wounds       ||     2
  Use: Potion            ||     1
Armor: Scale mail        ||    54
Dodge: Dodged            ||    27
Block: Kite shield       ||    56

Table legend:
 A = Non-vault XP
 B = Vault XP
 C = Vault XP percentage of total XP
 D = Non-vault monster count
 E = Vault monster count
 F = Vault count percentage of total count
                 A         B        C        D         E       F
            +---------+---------+-------+---------+---------+-------
      Total |      32 |       4 |  11.1 |      18 |       2 |  10.0
            +---------+---------+-------+---------+---------+-------
        D:1 |      28 |       4 |  12.5 |      16 |       2 |  11.1
        D:2 |       4 |       0 |   0.0 |       2 |       0 |   0.0
            +---------+---------+-------+---------+---------+-------
